 Dungeon Crawl Stone Soup version 0.28-a0-906-g0406aca7d3 (webtiles) character file.

Game seed: 7096579969544150591

1335 siradein the Shooter (level 8, -2/56 HPs)
             Began as a Minotaur Hunter on Nov 23, 2021.
             Was a Believer of Okawaru.
             Slain by Maggie (5 damage)
             ... on level 6 of the Dungeon.
             The game lasted 00:17:53 (8003 turns).

siradein the Shooter (Minotaur Hunter)              Turns: 8003, Time: 00:17:53

Health: -2/56      AC: 12    Str: 16    XL:     8   Next: 35%
Magic:  7/7        EV:  8    Int:  8    God:    Okawaru [**....]
Gold:   280        SH:  0    Dex: 12    Spells: 7/7 levels left

rFire   . . .      SeeInvis .   A - +1 shortbow (vorpal)
rCold   . . .      Faith    .   (shield currently unavailable)
rNeg    . . .      Spirit   .   o - +0 chain mail
rPois   .          Reflect  .   (helmet restricted)
rElec   .          Harm     .   (no cloak)
rCorr   .          Rampage  .   (no gloves)
Will    .....                   e - +0 pair of boots
Stlth   ..........              (no amulet)
HPRegen 0.18/turn               (no ring)
MPRegen 0.10/turn               (no ring)

@: mesmerised
A: horns 2, retaliatory headbutt, frail 2, shaggy fur 1, weak 1
a: Renounce Religion, Heroism


You were on level 6 of the Dungeon.
You worshipped Okawaru.
Okawaru was pleased with you.
You visited 2 branches of the dungeon, and saw 9 of its levels.

You collected 280 gold pieces.

Inventory:

Hand Weapons
 l - a +1 dagger of flaming
 p - a +4 dagger of venom
 A - a +1 vorpal shortbow (weapon)
Missiles
 d - 118 arrows (quivered ammo)
 m - 9 boomerangs
 r - 26 poisoned darts
 s - a throwing net
Armour
 e - a +0 pair of boots (worn)
 o - a +0 chain mail (worn)
Jewellery
 z - a ring of ice
Scrolls
 f - a scroll of magic mapping {unknown}
 j - 2 scrolls of teleportation
 k - a scroll of identify
 n - a scroll of immolation {unknown}
 t - a scroll of enchant armour {unknown}
 u - a scroll of silence {unknown}
 v - a scroll of vulnerability {unknown}
 w - a scroll of fog {unknown}
 x - a scroll of amnesia {unknown}
 y - a scroll of enchant weapon {unknown}
Potions
 b - a potion of lignification
 c - 3 potions of resistance
 g - a potion of haste
 h - 2 potions of brilliance
 i - 4 potions of curing
 q - a potion of attraction


   Skills:
 + Level 6.1 Fighting
 + Level 4.1 Short Blades
 + Level 6.8 Bows
 + Level 5.1 Armour
 + Level 5.6 Dodging
 - Level 0.7 Stealth


You had 7 spell levels left.
You didn't know any spells.
Your spell library contained the following spells:

 Spells                   Type           Power      Damage    Failure   Level
 Ensorcelled Hibernation  Hex/Ice        0%         N/A       100%        2
 Gell's Gravitas          Tloc           0%         N/A       100%        3
 Lesser Beckoning         Tloc           0%         N/A       100%        3
 Spider Form              Tmut/Pois      0%         N/A       100%        3
 Teleport Other           Tloc           0%         N/A       100%        3


Dungeon Overview and Level Annotations

Branches:
Dungeon (8/15)             Temple (1/1) D:4
   Lair: D:8-11

Altars:
Ashenzari
Cheibriados
Dithmenos
Elyvilon
Fedhas
Gozag
Hepliaklqana
Kikubaaqudgha
Makhleb
Nemelex Xobeh
Okawaru
Qazlal
Ru
Sif Muna
Trog
Uskayaw
Vehumet
Wu Jian
Xom
Yredelemnul
The Shining One

Shops:
D:4 :   D:5 (   D:8 *

Annotations:
D:6 Maggie
D:7 Harold


Innate Abilities, Weirdness & Mutations

You have a pair of horns on your head.
You reflexively headbutt those who attack you in melee.
You are very frail. (-20% HP)
You are covered in fur. (AC +1)
You are weak. (Str -2)


Message History

The bolt of fire hits you!
You shoot an arrow. The arrow closely misses Maggie.
You shoot an arrow. The arrow closely misses Maggie.
Maggie hits you with a +1 long sword of flaming.
Maggie burns you.
You are too injured to fight recklessly!
You are too injured to fight recklessly!
You are too injured to fight recklessly!
You are too injured to fight recklessly!
You are too injured to fight recklessly!
You are too injured to fight recklessly!
You are too injured to fight recklessly!
Fire: 122 arrows
Press: ? - help, Q - select action, (/) - cycle Shift-Dir - straight line, f/p - Maggie
Aim: Maggie, wielding a +1 long sword of flaming and wearing +0 swamp dragon scales (moderately wounded, mesmerising, 69% to hit)
You shoot an arrow. The arrow barely misses Maggie.
Maggie closely misses you.
Fire: 121 arrows
Press: ? - help, Q - select action, (/) - cycle Shift-Dir - straight line, f/p - Maggie
Aim: Maggie, wielding a +1 long sword of flaming and wearing +0 swamp dragon scales (moderately wounded, mesmerising, 69% to hit)
You shoot an arrow. The arrow closely misses Maggie.
Maggie gestures wildly while chanting.
Maggie draws you further into her thrall.
Fire: 120 arrows
Press: ? - help, Q - select action, (/) - cycle Shift-Dir - straight line, f/p - Maggie
Aim: Maggie, wielding a +1 long sword of flaming and wearing +0 swamp dragon scales (moderately wounded, mesmerising, 68% to hit)
You shoot an arrow. The arrow barely misses Maggie.
Maggie hits you with a +1 long sword of flaming!
* * * LOW HITPOINT WARNING * * *
Maggie burns you.
* * * LOW HITPOINT WARNING * * *
Fire: 119 arrows
Press: ? - help, Q - select action, (/) - cycle Shift-Dir - straight line, f/p - Maggie
Aim: Maggie, wielding a +1 long sword of flaming and wearing +0 swamp dragon scales (moderately wounded, mesmerising, 69% to hit)
You shoot an arrow. The arrow hits Maggie!
Maggie is heavily wounded.
Maggie hits you with a +1 long sword of flaming!
* * * LOW HITPOINT WARNING * * *
Maggie burns you.
You die...

........###..............##
........##................#
######..##.<..............###.#
#........................#
#.##>................#####
#.###)...............# #.#
#................#
#.####..............##
#..#......(@.......##
##...#..##..@.####.#
##....##..#.(..##.##
#...##..##..(.# ..#
#...##.###.##.###.# #
######...##.##..#..(...##..
#..............##...(......
#...<....##.#####....(.####
#........##.# #......##


You could see Maggie (mesmerising).

Vanquished Creatures
  Edmund (D:5)
  Menkaure (D:6)
  2 ogres (D:5)
  2 centaurs
  A phantom (D:4)
  A wyvern zombie (D:6)
  2 howler monkeys (D:5)
  2 bullfrog zombies
  A centaur zombie (D:6)
  3 hounds (D:5)
  A jelly (D:5)
  Jessica (D:2)
  4 orc wizards
  An iguana (D:4)
  A hound skeleton (D:5)
  Robin (D:2)
  A howler monkey zombie (D:8)
  5 adders
  A shadow imp (D:5)
  4 dart slugs
  18 orcs
  5 endoplasms
  3 giant cockroaches
  23 goblins
  7 hobgoblins
  3 jackals (D:1)
  4 ball pythons
  2 bats
  A frilled lizard (D:3)
  5 kobolds
  3 rats
110 creatures vanquished.

Notes
Turn   | Place    | Note
-------+----------+-------------------------------------------
     0 | D:1      | siradein the Minotaur Hunter began the quest for the Orb.
     0 | D:1      | Reached XP level 1. HP: 18/18 MP: 0/0
    41 | D:1      | Found a faded altar of an unknown god.
   320 | D:1      | Reached XP level 2. HP: 19/25 MP: 1/1
   877 | D:2      | Noticed Robin
   971 | D:2      | Reached XP level 3. HP: 18/31 MP: 2/2
  1036 | D:2      | Killed Robin
  1037 | D:2      | Reached skill level 1 in Armour
  1495 | D:2      | You fall into a shaft and drop 1 floor!
  1590 | D:3      | HP: 1/31 [poisoned by an orc]
  1601 | D:3      | HP: 1/31 [constriction (1)]
  2157 | D:2      | Noticed Jessica
  2170 | D:2      | Killed Jessica
  2171 | D:2      | Reached skill level 5 in Bows
  2171 | D:2      | Reached XP level 4. HP: 17/38 MP: 3/3
  3210 | D:3      | Reached XP level 5. HP: 46/46 MP: 4/4
  3668 | D:4      | Found a staircase to the Ecumenical Temple.
  3697 | Temple   | Entered the Ecumenical Temple
  4159 | Temple   | Became a worshipper of Warmaster Okawaru
  4631 | D:4      | Found Qenamyro's Self-Improvement Boutique.
  4815 | D:4      | Reached skill level 1 in Short Blades
  5383 | D:5      | Entered Level 5 of the Dungeon
  5384 | D:5      | Noticed a centaur
  5396 | D:5      | Killed a centaur
  5397 | D:5      | Reached XP level 6. HP: 52/53 MP: 5/5
  5525 | D:5      | You fall into a shaft and drop 3 floors!
  5549 | D:8      | Found Zixog's Assorted Antiques.
  5621 | D:8      | Noticed Harold
  5859 | D:5      | Reached * piety under Okawaru
  5867 | D:5      | Noticed Edmund
  5897 | D:4      | Reached XP level 7. HP: 16/60 MP: 6/6
  6176 | D:5      | Gained mutation: You are weak. (Str -2) [potion of
                  | mutation]
  6176 | D:5      | Gained mutation: You are frail. (-10% HP) [potion of
                  | mutation]
  6176 | D:5      | Gained mutation: You are very frail. (-20% HP) [potion of
                  | mutation]
  6176 | D:5      | Gained mutation: You are covered in fur. (AC +1) [potion of
                  | mutation]
  6279 | D:5      | Reached skill level 5 in Fighting
  6472 | D:5      | Found Biesowno's Weapon Shop.
  7081 | D:5      | Reached skill level 5 in Dodging
  7448 | D:5      | Killed Edmund
  7448 | D:5      | Reached ** piety under Okawaru
  7449 | D:5      | Reached XP level 8. HP: 38/56 MP: 7/7
  7846 | D:6      | Reached skill level 5 in Armour
  7901 | D:6      | Noticed Menkaure
  7907 | D:6      | Killed Menkaure
  7953 | D:6      | Noticed Maggie
  8003 | D:6      | Slain by Maggie

Illustrated notes

Levels and vault maps discovered:
D:1:      grunt_arrival_crossed_arrows, layout_rooms,
          ebering_ecumenical_altar_rust, due_unseen_surprise
D:2:      layout_loops_ring, lemuel_flame_loot_1, uniq_jessica, uniq_robin
D:3:      layout_loops_ring
D:4:      layout_basic, minmay_temple_entry_grid, minmay_misc_feat_rows,
          amcnicky_mini_rare_corridor_liquid, minmay_strange_pillars,
          eino_tiny_chamber, nicolae_shop_self_help
D:5:      layout_loops_ring, serial_shops, nicolae_shop_crystal,
          minmay_ogre_servants, uniq_edmund
D:6:      layout_rooms, zin_academy, minivault_10, uniq_menkaure, uniq_maggie,
          uniq_grinder, uniq_pikel
D:7:      layout_cave_pools
D:8:      layout_cave_pools, serial_shops, nicolae_shop_trees,
          nicolae_elevator_lobby_plus, uniq_harold
Temple:   mainiacjoe_temple_circle_huts

Skill      XL: |  1  2  3  4  5  6  7  8 |
---------------+-------------------------+-----
Fighting       | 3 4 5 6 |  6.1
Armour         | 1 2 3 4 5 |  5.1
Dodging        | 3 4 5 |  5.6
Bows           | 5 6 |  6.8
Short Blades   | 1 2 3 4 |  4.1
Stealth        | |  0.7

Action                   |  1- 3 |  4- 6 |  7- 9 || total
-------------------------+-------+-------+-------++-------
Melee: Short sword       |    73 |       |       ||    73
       Headbutt          |    22 |    16 |    25 ||    63
       Dagger            |    41 |    97 |   101 ||   239
 Fire: Hunting sling     |       |    39 |       ||    39
       Shortbow          |       |    22 |    34 ||    56
  Use: Scroll            |       |     7 |     2 ||     9
       Potion            |       |       |     1 ||     1
Armor: Leather armour    |    13 |       |       ||    13
       Ring mail         |    30 |    50 |    23 ||   103
       Chain mail        |       |       |    24 ||    24
Dodge: Dodged            |    75 |    76 |    42 ||   193

Table legend: (Time is in decaauts)
 A = Elapsed time spent in this place.
 B = Non-inter-level travel time spent in this place.
 C = Inter-level travel time spent in this place.
 D = Time resting spent in this place.
 E = Time spent auto-exploring this place.
 F = Levels seen in this place.
 G = Mean time per level.
                   A        B        C        D        E       F      G
               +--------+--------+--------+--------+--------+-----+--------+
         Total |   7992 |   7804 |    188 |    632 |   5865 |   9 |  888.0 |
       Dungeon |   7507 |   7341 |    166 |    632 |   5432 |   8 |  938.4 |
        Temple |    484 |    462 |     22 |      0 |    433 |   1 |  484.0 |
               +--------+--------+--------+--------+--------+-----+--------+

Top non-repeatable levels by time:
     D:4: 1915 daAuts
     D:2: 1468 daAuts
     D:5: 1326 daAuts
     D:3: 1037 daAuts
     D:1: 998 daAuts
     D:6: 636 daAuts
  Temple: 484 daAuts
     D:8: 98 daAuts
     D:7: 25 daAuts
